 Dungeon Crawl Stone Soup version 0.29-a0-322-g68df515428 (webtiles) character file.

Game seed: 8290143230832077463

238 experimilk the Cudgeller (level 6, -4/59 HPs)
             Began as an Ogre Gladiator on Apr 9, 2022.
             Was an Initiate of Ru.
             Slain by a river rat (6 damage)
             ... on level 3 of the Dungeon.
             The game lasted 00:09:00 (3649 turns).

experimilk the Cudgeller (Ogre Gladiator)           Turns: 3649, Time: 00:09:00

Health: -4/59      AC:  4    Str: 27    XL:     6   Next: 7%
Magic:  6/6        EV: 10    Int:  9    God:    Ru [......]
Gold:   25         SH:  0    Dex: 16    Spells: 5/5 levels left

rFire   . . .      SeeInvis .   k - +0 giant spiked club
rCold   . . .      Faith    .   (shield currently unavailable)
rNeg    . . .      Spirit   .   y - +0 animal skin
rPois   .          Reflect  .   c - +1 hat
rElec   .          Harm     .   (no cloak)
rCorr   .          Rampage  .   (gloves unavailable)
Will    .....                   (boots unavailable)
Stlth   +.........              (no amulet)
HPRegen 0.19/turn               o - +6 ring of dexterity
MPRegen 0.10/turn               s - +6 ring of strength

@: invisible
A: large, unfitting armour, tough skin 1
a: Renounce Religion


You were on level 3 of the Dungeon.
You worshipped Ru.
Ru was noncommittal.
You visited 1 branch of the dungeon, and saw 3 of its levels.

You collected 188 gold pieces.
You spent 163 gold pieces at shops.

Inventory:

Hand Weapons
 a - a +1 flail of freezing
 k - a +0 giant spiked club (weapon)
Missiles
 d - 3 throwing nets
 e - 4 large rocks (quivered)
 h - 6 boomerangs
Armour
 c - a +1 hat (worn)
 y - a +0 animal skin (worn)
Jewellery
 b - the ring "Qiumet" {AC+4 SInv Stlth+}
   (You acquired it on level 3 of the Dungeon)

   [ring of protection]

   AC:        It affects your AC (+4).
   SInv:      It lets you see invisible.
   Stlth:     It makes you more stealthy.
 o - a +6 ring of dexterity (left hand)
 s - a +6 ring of strength (right hand)
Wands
 p - a wand of digging (3)
Scrolls
 i - a scroll of noise
 l - a scroll of blinking {unknown}
 m - 3 scrolls of enchant armour
 u - 2 scrolls of teleportation
 v - a scroll of fear
Potions
 g - 4 potions of curing
 j - a potion of mutation
 n - a potion of haste {unknown}
 q - a potion of heal wounds {unknown}
 r - a potion of brilliance {unknown}
 t - 2 potions of flight {unknown}
 w - a potion of resistance {unknown}
 x - a potion of magic {unknown}


   Skills:
 - Level 2.6 Fighting
 * Level 5.6 Maces & Flails
 - Level 3.0 Throwing
 - Level 2.6 Dodging


You had 5 spell levels left.
You didn't know any spells.
Your spell library was empty.

Dungeon Overview and Level Annotations

Branches:
Dungeon (3/15)

Altars:
Ru

Shops:
D:1 !   D:3 *


Innate Abilities, Weirdness & Mutations

You are too large for most types of armour.
You have tough skin. (AC +1)


Message History

The river rat barely misses you. The quokka attacks as you move away!
The quokka splashes around in the water.
The river rat attacks as you move away! The river rat bites you.
* * * LOW HITPOINT WARNING * * *
There is an open door here.
You closely miss the quokka. The quokka bites you.
* * * LOW HITPOINT WARNING * * *
The quokka bites you but does no damage.
You fade into invisibility!
The quokka bites you but does no damage.
Unknown command.
You barely miss the quokka.
The quokka bites you but does no damage. x2
Unknown command.
You barely miss the quokka. The quokka barely misses you. x2
You closely miss the quokka. The quokka misses you.
The quokka bites you but does no damage.
You closely miss the quokka. The quokka closely misses you.
You barely miss the quokka. The quokka barely misses you.
The quokka bites you but does no damage.
You closely miss the quokka. The quokka barely misses you.
The quokka closely misses you.
You catch the helpless quokka completely off-guard!
You puncture the quokka!
You kill the quokka!
The river rat barely misses you.
You barely miss the river rat. The river rat bites you.
* * * LOW HITPOINT WARNING * * *
You strike the helpless river rat from behind!
You hit the river rat.
The river rat is lightly wounded.
The river rat closely misses you. The river rat bites you.
* * * LOW HITPOINT WARNING * * *
You completely miss the river rat.
The river rat is lightly wounded.
The river rat bites you.
* * * LOW HITPOINT WARNING * * *
The river rat bites you.
You die...

.. #h...#....##+#
#.. ....+........
#.# #...#........
#.# #..###'##....
#.# ##.###.#∩....
#.####...##.#.....
#...†.......##..#.
##.)####.###.....#.
#.@##≈≈### #.#...#.
#.#r≈†≈≈≈+ #.......
#.#≈≈≈≈≈≈+ #...###.
#.+##≈≈### #.......
## ### #.###### .#
...####


You could see a river rat (can't see you).

Vanquished Creatures
  An ogre (D:3)
  Natasha (D:2)
  An iguana (D:2)
  Robin (D:2)
  3 adders
  A river rat (D:3)
  A worm (D:2)
  A dart slug (D:1)
  3 bats
  An endoplasm (D:3)
  2 giant cockroaches
  7 goblins
  8 hobgoblins
  6 jackals (D:3)
  3 kobolds
  2 quokkas
  2 ball pythons
  4 frilled lizards
  6 rats
54 creatures vanquished.

Notes
Turn   | Place    | Note
-------+----------+-------------------------------------------
     0 | D:1      | experimilk the Ogre Gladiator began the quest for the Orb.
     0 | D:1      | Reached XP level 1. HP: 22/22 MP: 1/1
    59 | D:1      | Found Wiar's Distillery.
    67 | D:1      | Bought a potion of degeneration for 10 gold pieces
   160 | D:1      | Found a faded altar of an unknown god.
   328 | D:1      | Reached skill level 3 in Maces & Flails
   416 | D:1      | Reached XP level 2. HP: 22/29 MP: 2/2
  1307 | D:1      | Bought a potion of curing for 30 gold pieces
  1358 | D:2      | Reached XP level 3. HP: 36/36 MP: 3/3
  1475 | D:2      | Noticed Natasha
  1477 | D:2      | Killed Natasha
  1478 | D:2      | Reached XP level 4. HP: 44/44 MP: 4/4
  1602 | D:2      | Reached skill level 4 in Maces & Flails
  2100 | D:2      | Found a sacrificial altar of Ru.
  2247 | D:2      | Became a worshipper of Ru the Awakened
  2621 | D:2      | Noticed Robin
  2633 | D:2      | Killed Robin
  2637 | D:2      | Reached XP level 5. HP: 12/50 MP: 5/5
  3294 | D:3      | Identified a scroll of acquirement
  3294 | D:3      | Acquired the ring "Qiumet" {AC+4 SInv Stlth+}
  3319 | D:3      | Noticed an ogre
  3322 | D:3      | Killed an ogre
  3323 | D:3      | Reached skill level 5 in Maces & Flails
  3563 | D:3      | Found Ummo's General Store.
  3583 | D:3      | Bought a scroll of teleportation for 39 gold pieces
  3583 | D:3      | Bought a scroll of teleportation for 39 gold pieces
  3583 | D:3      | Bought a scroll of fear for 45 gold pieces
  3607 | D:3      | Reached XP level 6. HP: 56/59 MP: 6/6
  3649 | D:3      | HP: 2/59 [river rat (5)]
  3649 | D:3      | Slain by a river rat

Illustrated notes

Levels and vault maps discovered:
D:1:      onia_arrival_mini_spirals, layout_basic,
          ebering_ecumenical_altar_webs, serial_shops, shop_fountains
D:2:      layout_basic, basic_altar, uniq_natasha, uniq_robin
D:3:      layout_basic, serial_shops, shop, gup_sewer_entry_bowl

Skill      XL: |  1  2  3  4  5 |
---------------+----------------+-----
Maces & Flails | 3 4 5 |  5.6
Throwing       | 3 |  3.0
Fighting       | |  2.6
Dodging        | |  2.6

Action                   |  1- 3 |  4- 6 || total
-------------------------+-------+-------++-------
Melee: Flail             |    30 |    61 ||    91
       Giant spiked club |       |    75 ||    75
Throw: Large rock        |     4 |     1 ||     5
  Use: Scroll            |     2 |     7 ||     9
       Potion            |       |     2 ||     2
 Stab: Sleeping          |     1 |     1 ||     2
       Invisible         |       |     2 ||     2
Armor: Robe              |    11 |    14 ||    25
       Animal skin       |       |    48 ||    48
Dodge: Dodged            |    12 |    91 ||   103

Table legend: (Time is in decaauts)
 A = Elapsed time spent in this place.
 B = Non-inter-level travel time spent in this place.
 C = Inter-level travel time spent in this place.
 D = Time resting spent in this place.
 E = Time spent auto-exploring this place.
 F = Levels seen in this place.
 G = Mean time per level.
                   A        B        C        D        E       F      G
               +--------+--------+--------+--------+--------+-----+--------+
         Total |   3711 |   3497 |    214 |   1124 |   1233 |   3 | 1237.0 |
       Dungeon |   3711 |   3497 |    214 |   1124 |   1233 |   3 | 1237.0 |
               +--------+--------+--------+--------+--------+-----+--------+

Top non-repeatable levels by time:
     D:2: 1960 daAuts
     D:1: 1351 daAuts
     D:3: 399 daAuts
